 Dungeon Crawl Stone Soup version 0.27-a0-760-gc38aae387d (webtiles) character file.

Game seed: 18337980650053175615

380 Lanoc the Conjurer (level 6, -8/44 HPs)
             Began as a Gnoll Conjurer on Mar 25, 2021.
             Succumbed to kobold brigand's curare-tipped dart
             ... in a sewer.
             The game lasted 00:04:23 (2643 turns).

Lanoc the Conjurer (Gnoll Conjurer)                 Turns: 2643, Time: 00:04:24

Health: -8/44      AC:  2    Str:  6    XL:     6   Next: 75%
Magic:  18/23      EV: 17    Int: 19    God:
Gold:   192        SH:  0    Dex: 11    Spells: 12/15 levels left

rFire    . . .     SeeInvis .   i - +1 quarterstaff
rCold    . . .     Faith    .   (shield currently unavailable)
rNeg     . . .     Spirit   .   a - +0 robe
rPois    .         Reflect  .   (no helmet)
rElec    .         Harm     +   k - scarf {harm}
rCorr    .         Rampage  .   (no gloves)
Will     .....                  (no boots)
Stlth    ++........             (no amulet)
HPRegen  0.14/turn              c - ring of magical power
MPRegen  0.18/turn              p - +4 ring of evasion

@: lethally poisoned (-8 -> -26), slowed, very slow
A: fangs 1, strong nose, distributed training
a: no special abilities


You were in a sewer.
You visited 1 branch of the dungeon, and saw 4 of its levels.
You also visited: Sewer.

You collected 192 gold pieces.

Inventory:

Hand Weapons
 i - a +1 quarterstaff (weapon)
Missiles
 g - 3 atropa-tipped darts
Armour
 a - a +0 robe (worn)
 k - a scarf of harm (worn)
Jewellery
 c - a ring of magical power (right hand)
 p - a +4 ring of evasion (left hand)
Scrolls
 d - a scroll of torment {unknown}
 n - a scroll of teleportation
Potions
 b - a potion of brilliance
 f - a potion of heal wounds
 h - a potion of haste
 j - 2 potions of invisibility


   Skills:
 + Level 2.1 Fighting
 + Level 2.1 Short Blades
 + Level 2.1 Long Blades
 + Level 2.1 Axes
 + Level 2.1 Maces & Flails
 + Level 2.1 Polearms
 + Level 2.1 Staves
 + Level 2.1 Slings
 + Level 2.1 Bows
 + Level 2.1 Crossbows
 + Level 2.1 Throwing
 + Level 2.1 Armour
 + Level 5.0 Dodging
 + Level 4.7 Stealth
 + Level 2.1 Shields
 + Level 2.1 Unarmed Combat
 + Level 5.4 Spellcasting
 + Level 7.3 Conjurations
 + Level 1.6 Hexes
 + Level 1.6 Summonings
 + Level 1.6 Necromancy
 + Level 1.6 Translocations
 + Level 1.6 Transmutations
 + Level 1.6 Fire Magic
 + Level 1.6 Ice Magic
 + Level 1.6 Air Magic
 + Level 1.6 Earth Magic
 + Level 1.6 Poison Magic
 + Level 2.3 Invocations
 + Level 2.1 Evocations


You had 12 spell levels left.
You knew the following spells:

 Your Spells              Type           Power      Damage    Failure   Level
a - Magic Dart            Conj           100%       1d8       1%          1
b - Searing Ray           Conj           66%        3d5       1%          2

Your spell library contained the following spells:

 Spells                   Type           Power      Damage    Failure   Level
 Dazzling Flash           Conj/Hex       44%        N/A       5%          3
 Animate Skeleton         Necr           22%        N/A       6%          1
 Apportation              Tloc           22%        N/A       6%          1
 Corona                   Hex            12%        N/A       6%          1
 Summon Small Mammal      Summ           44%        N/A       6%          1
 Fulminant Prism          Conj/Hex       11%        3d9       19%         4
 Iskenderun's Mystic Bla  Conj/Tloc      22%        2d6       19%         4


Dungeon Overview and Level Annotations

Branches:
Dungeon (4/15)             Temple (0/1) D:4           Sewer (1/1)

Altars:


Innate Abilities, Weirdness & Mutations

You have very sharp teeth.
Your uncanny sense of smell can sniff out nearby items.
Your experience applies equally to all skills.


Message History

You are poisoned.
You have difficulty breathing.
You feel yourself slow down.
Casting: Magic Dart (safe; 1% risk of failure)
Confirm with . or Enter, or press ? or * to list all spells.
Aiming: Magic Dart (safe; 1% risk of failure)
Press: ? - help, Shift-Dir - straight line, f/p - kobold brigand
Aim: a kobold brigand, wielding a +0 short sword and quivering curare-tipped darts (0% to evade)
The magic dart hits the kobold brigand.
The kobold brigand is lightly wounded.
You feel extremely sick.
Casting: Magic Dart (safe; 1% risk of failure)
Confirm with . or Enter, or press ? or * to list all spells.
Aiming: Magic Dart (safe; 1% risk of failure)
Press: ? - help, Shift-Dir - straight line, f/p - kobold brigand
Aim: a kobold brigand, wielding a +0 short sword and quivering curare-tipped darts (lightly wounded, 0% to evade)
The magic dart hits the kobold brigand.
The kobold brigand is moderately wounded.
You feel sick.
The kobold brigand throws a curare-tipped dart.
The curare-tipped dart closely misses you.
You feel sick.
You are no longer poisoned.
A kobold brigand is nearby!
Casting: Magic Dart (safe; 1% risk of failure)
Confirm with . or Enter, or press ? or * to list all spells.
Aiming: Searing Ray (safe; 1% risk of failure)
Press: ? - help, Shift-Dir - straight line, f/p - kobold brigand
Aim: a kobold brigand, wielding a +0 short sword and quivering curare-tipped darts (moderately wounded, 24% to evade)
The searing ray hits the kobold brigand.
The kobold brigand is moderately wounded. (Press . to maintain the ray.)
The kobold brigand throws a curare-tipped dart.
The curare-tipped dart hits you.
You are poisoned.
You have difficulty breathing.
* * * LOW HITPOINT WARNING * * *
You feel as though you will be slow longer.
The searing ray hits the kobold brigand.
The kobold brigand is heavily wounded.
You die...

#≈≈≈≈...... #≈≈≈≈≈≈.∩.∩
#≈≈≈.≈≈.... ###
##≈.≈.≈..... .≈≈≈≈#####
##..≈....≈.≈.
#K≈≈K.####....##≈.≈≈≈.
.≈K≈≈###≈≈....≈.####≈≈..≈
####### #≈≈≈≈≈.≈≈# #≈.≈≈≈
#.≈≈≈≈###@≈.≈.≈≈## .≈≈≈≈≈
#####≈≈†≈≈####### ≈≈≈≈≈.
#.≈≈≈≈##### .≈####
####### ##


You could see a kobold brigand.

Vanquished Creatures
  Grinder (D:3)
  A killer bee zombie (D:3)
  3 gnolls (D:3)
  2 river rats (D:4)
  2 adders
  An adder skeleton (D:4)
  7 orcs
  7 endoplasms
  6 giant cockroaches
  4 goblins
  10 hobgoblins
  10 jackals
  5 kobolds
  A quokka (D:2)
  7 ball pythons
  5 bats
  4 frilled lizards
  6 rats
82 creatures vanquished.

Vanquished Creatures (others)
  16 fungi (D:4)
  4 plants (D:1)
20 creatures vanquished.

Grand Total: 102 creatures vanquished

Notes
Turn   | Place    | Note
-------+----------+-------------------------------------------
     0 | D:1      | Lanoc the Gnoll Conjurer began the quest for the Orb.
     0 | D:1      | Reached XP level 1. HP: 13/13 MP: 6/6
   252 | D:1      | Reached XP level 2. HP: 19/19 MP: 7/7
   255 | D:1      | Learned a level 2 spell: Searing Ray
  1001 | D:2      | Reached XP level 3. HP: 25/25 MP: 9/9
  1036 | D:2      | Reached skill level 5 in Spellcasting
  1217 | D:2      | Reached skill level 1 in Invocations
  1479 | D:3      | Reached skill level 1 in Fighting
  1479 | D:3      | Reached skill level 1 in Short Blades
  1479 | D:3      | Reached skill level 1 in Long Blades
  1479 | D:3      | Reached skill level 1 in Axes
  1479 | D:3      | Reached skill level 1 in Maces & Flails
  1479 | D:3      | Reached skill level 1 in Polearms
  1479 | D:3      | Reached skill level 1 in Staves
  1479 | D:3      | Reached skill level 1 in Slings
  1479 | D:3      | Reached skill level 1 in Bows
  1479 | D:3      | Reached skill level 1 in Crossbows
  1479 | D:3      | Reached skill level 1 in Throwing
  1479 | D:3      | Reached skill level 1 in Armour
  1479 | D:3      | Reached skill level 1 in Shields
  1479 | D:3      | Reached skill level 1 in Unarmed Combat
  1479 | D:3      | Reached skill level 1 in Evocations
  1479 | D:3      | Reached XP level 4. HP: 30/32 MP: 11/11
  1623 | D:3      | Reached skill level 1 in Hexes
  1623 | D:3      | Reached skill level 1 in Summonings
  1623 | D:3      | Reached skill level 1 in Necromancy
  1623 | D:3      | Reached skill level 1 in Translocations
  1623 | D:3      | Reached skill level 1 in Transmutations
  1623 | D:3      | Reached skill level 1 in Fire Magic
  1623 | D:3      | Reached skill level 1 in Ice Magic
  1623 | D:3      | Reached skill level 1 in Air Magic
  1623 | D:3      | Reached skill level 1 in Earth Magic
  1623 | D:3      | Reached skill level 1 in Poison Magic
  1812 | D:3      | Noticed Grinder
  1819 | D:3      | Killed Grinder
  1820 | D:3      | Reached skill level 5 in Dodging
  1820 | D:3      | Reached XP level 5. HP: 22/38 MP: 12/12
  1820 | D:3      | Reached XP level 6. HP: 26/44 MP: 14/14
  2517 | D:4      | Found a glowing drain.
  2525 | Sewer    | Entered a sewer
  2643 | Sewer    | Succumbed to kobold brigand's curare-tipped dart

Illustrated notes

Levels and vault maps discovered:
D:1:      shiori_shiawase, layout_basic, serial_park_tiny_1,
          serial_bayou_lagoon_a
D:2:      layout_rooms
D:3:      layout_loops_cross, uniq_grinder
D:4:      layout_basic, minmay_temple_entry_antechambers, serial_aquarium,
          aquarium_bridge_square [aquarium_subvault_bridge,
          aquarium_subvault_bridge, aquarium_subvault_bridge,
          aquarium_subvault_bridge], aquarium_window_1, aquarium_window_corner,
          aquarium_window_2, aquarium_window_3, aquarium_view_2b,
          aquarium_balcony_3a, aquarium_pool_2, portal_sewer_entry_e,
          minmay_diced_spiral, uniq_crazy_yiuf_cottage
Sewer:    sewer_co_tree

Skill      XL: |  1  2  3  4  5  6 |
---------------+-------------------+-----
Spellcasting   | 5 |  5.4
Invocations    | 1 2 |  2.3
Fighting       | 1 2 |  2.1
Short Blades   | 1 2 |  2.1
Long Blades    | 1 2 |  2.1
Axes           | 1 2 |  2.1
Maces & Flails | 1 2 |  2.1
Polearms       | 1 2 |  2.1
Staves         | 1 2 |  2.1
Slings         | 1 2 |  2.1
Bows           | 1 2 |  2.1
Crossbows      | 1 2 |  2.1
Throwing       | 1 2 |  2.1
Armour         | 1 2 |  2.1
Shields        | 1 2 |  2.1
Unarmed Combat | 1 2 |  2.1
Evocations     | 1 2 |  2.1
Hexes          | 1 |  1.6
Summonings     | 1 |  1.6
Necromancy     | 1 |  1.6
Translocations | 1 |  1.6
Transmutations | 1 |  1.6
Fire Magic     | 1 |  1.6
Ice Magic      | 1 |  1.6
Air Magic      | 1 |  1.6
Earth Magic    | 1 |  1.6
Poison Magic   | 1 |  1.6
Dodging        | 5 |  5.0
Stealth        | |  4.7
Conjurations   | |  7.3

Action                   |  1- 3 |  4- 6 || total
-------------------------+-------+-------++-------
Melee: Unarmed           |     1 |       ||     1
       Quarterstaff      |       |     5 ||     5
 Cast: Magic Dart        |    63 |    48 ||   111
       Searing Ray       |       |     9 ||     9
  Use: Scroll            |       |     9 ||     9
Armor: Robe              |     2 |       ||     2
Dodge: Dodged            |     5 |    15 ||    20

Table legend: (Time is in decaauts)
 A = Elapsed time spent in this place.
 B = Non-inter-level travel time spent in this place.
 C = Inter-level travel time spent in this place.
 D = Time resting spent in this place.
 E = Time spent auto-exploring this place.
 F = Levels seen in this place.
 G = Mean time per level.
                   A        B        C        D        E       F      G
               +--------+--------+--------+--------+--------+-----+--------+
         Total |   2667 |   2612 |     55 |      0 |   2167 |   5 |  533.4 |
       Dungeon |   2530 |   2475 |     55 |      0 |   2056 |   4 |  632.5 |
         Sewer |    136 |    136 |      0 |      0 |    110 |   1 |  136.0 |
               +--------+--------+--------+--------+--------+-----+--------+

Top non-repeatable levels by time:
     D:1: 958 daAuts
     D:3: 897 daAuts
     D:2: 455 daAuts
     D:4: 219 daAuts
   Sewer: 136 daAuts
